 Dungeon Crawl Stone Soup version 0.29-a0-330-g52719c12eb (webtiles) character file.

Game seed: 9543150600776727576

3502 kae the Arsonist (level 10, -4/66 HPs)
             Began as an Octopode Fire Elementalist on Apr 18, 2022.
             Was a Follower of Ashenzari.
             Slain by a wyvern (6 damage)
             ... while petrified by a basilisk
             ... on level 8 of the Dungeon.
             The game lasted 00:08:23 (13346 turns).

kae the Arsonist (Octopode Fire Elementalist)      Turns: 13346, Time: 00:08:24

Health: -4/66      AC:  1    Str:  9    XL:     10   Next: 7%
Magic:  0/17       EV:  2    Int: 21    God:    Ashenzari [*.....]
Gold:   546        SH:  0    Dex: 22    Spells: 13/19 levels left

rFire   . . .      SeeInvis +   i - +5 whip of Lecvellur {freeze, Drain rCorr Dex+4 Stlth+}
rCold   . . .      Faith    .   (no shield)
rNeg    + + +      Spirit   +   (helmet restricted)
rPois   ∞          Reflect  .   n - amulet of guardian spirit
rElec   .          Harm     .   f - ring of see invisible
rCorr   +          Rampage  .   j - ring of the Gnostic Pleiades {EV+4, Elem, Evo} (curse)
Will    .....                   e - ring of the Pangnostic Stars {Dex+6, Comp, Alch} (curse)
Stlth   ++++++....              (no ring)
HPRegen 0.21/turn               (no ring)
MPRegen 0.15/turn               (no ring)
                                (no ring)
                                (no ring)

@: petrified
A: almost no armour, amphibious, 8 rings, camouflage 1, gelatinous body 1,
(nimble swimmer 1), tentacles
a: Renounce Religion, Shatter the Chains


You were on level 8 of the Dungeon.
You worshipped Ashenzari.
Ashenzari was aware of your devotion.
You visited 2 branches of the dungeon, and saw 9 of its levels.

You collected 546 gold pieces.

Inventory:

Hand Weapons
 c - a +1 dagger of chaos
 i - the +5 whip of Lecvellur (weapon) {freeze, Drain rCorr Dex+4 Stlth+}
   (You found it on level 2 of the Dungeon)

   It freezes those it strikes, dealing additional cold damage.
   It can also slow down cold-blooded creatures.
   Dex:       It affects your dexterity (+4).
   rCorr:     It protects you from acid and corrosion.
   Drain:     It drains your maximum health when unequipped.
   Stlth:     It makes you more stealthy.
Missiles
 v - 3 throwing nets
Magical Staves
 r - a staff of fire
Jewellery
 d - a ring of ice
 e - the cursed ring of the Pangnostic Stars (on tentacle) {Dex+6, Comp, Alch}
   (You found it on level 6 of the Dungeon)

   [ring of dexterity]

   Dex:       It affects your dexterity (+6).
   It has a curse which improves the following skills: Companions: Summonings
   and Necromancy.
   Alchemy:   Poison Magic and Transmutations.
 f - a ring of see invisible (left tentacle)
 j - the cursed ring of the Gnostic Pleiades (right tentacle) {EV+4, Elem, Evo}
   (You found it on level 2 of the Dungeon)

   [ring of evasion]

   EV:        It affects your evasion (+4).
   It has a curse which improves the following skills: Elements: Fire Magic, Ice
   Magic, Air Magic and Earth Magic.
   Evocations: Evocations.
 n - an amulet of guardian spirit (around mantle)
Wands
 p - a wand of acid (11)
Scrolls
 g - a scroll of fog
 t - a scroll of amnesia
Potions
 a - a potion of magic
 b - 2 potions of curing
 h - a potion of cancellation
 k - 2 potions of lignification
 l - a potion of degeneration
 m - 2 potions of heal wounds
 o - 2 potions of mutation
 q - a potion of resistance
 s - 2 potions of might
 u - a potion of berserk rage
 w - a potion of flight


   Skills:
 + Level 5.0 Fighting
 + Level 5.7 Dodging
 + Level 7.9 Stealth
 + Level 5.1 Spellcasting
 + Level 5.2 Conjurations
 * Level 8.2(9.1) Fire Magic


You had 13 spell levels left.
You knew the following spells:

 Your Spells              Type           Power      Damage    Failure   Level
a - Foxfire               Conj/Fire      100%       2x1d9     1%          1
b - Scorch                Fire           86%        2d9       1%          2
c - Conjure Flame         Conj/Fire      35%        6-21      1%          3

Your spell library contained the following spells:

 Spells                   Type           Power      Damage    Failure   Level
 Magic Dart               Conj           100%       1d8       1%          1
 Inner Flame              Hex/Fire       24%        N/A       4%          3
 Flame Wave               Conj/Fire      35%        2d8       5%          4
 Sticky Flame             Conj/Fire      35%        2d5       5%          4
 Ignite Poison            Fire/Tmut/Pois 18%        N/A       9%          3
 Animate Skeleton         Necr           10%        N/A       11%         1
 Apportation              Tloc           10%        N/A       11%         1
 Summon Small Mammal      Summ           20%        N/A       11%         1
 Call Imp                 Summ           5%         N/A       16%         2
 Corpse Rot               Necr/Air       10%        N/A       16%         2
 Ensorcelled Hibernation  Hex/Ice        10%        N/A       16%         2
 Passwall                 Tmut/Erth      4%         N/A       16%         2
 Poisonous Vapours        Pois/Air       10%        N/A       16%         2
 Mephitic Cloud           Conj/Pois/Air  13%        N/A       16%         3
 Swiftness                Air            5%         N/A       30%         3
 Tukima's Dance           Hex            5%         N/A       32%         3
 Anguish                  Hex/Necr       2%         N/A       71%         4
 Leda's Liquefaction      Hex/Erth       2%         N/A       71%         4
 Lee's Rapid Deconstruct  Erth           2%         3d6*      96%         5
 Statue Form              Tmut/Erth      3%         N/A       100%        6
 Enfeeble                 Hex            2%         N/A       100%        7


Dungeon Overview and Level Annotations

Branches:
Dungeon (8/15)             Temple (1/1) D:7
   Lair: D:8-11

Altars:
Ashenzari
Cheibriados
Dithmenos
Elyvilon
Fedhas
Gozag
Hepliaklqana
Kikubaaqudgha
Makhleb
Nemelex Xobeh
Okawaru
Qazlal
Ru
Sif Muna
Trog
Uskayaw
Vehumet
Wu Jian
Xom
Yredelemnul
Zin
The Shining One

Annotations:
D:6 exclusion: two-headed ogre


Innate Abilities, Weirdness & Mutations

You cannot wear most types of armour.
You are amphibious.
You can wear up to eight rings at the same time.
Your skin changes colour to match your surroundings (Stealth+).
Your rubbery body absorbs attacks. (AC +1, EV +1)
((You are camouflaged when in or above water. (Stealth+)))
You have tentacles for arms and can constrict up to eight enemies at once.


Message History

You hear an angry hiss.
A wyvern comes into view.
The basilisk completely misses you. The basilisk closely misses you.
Casting: Scorch (safe; 1% risk of failure)
Confirm with . or Enter, or press ? or * to list all spells.
Flames lash the basilisk.
The basilisk is burned terribly!
The basilisk is almost dead.
The wyvern hisses angrily.
The basilisk gazes at you.
You are slowing down.
The basilisk barely misses you.
Your limbs are stiffening.
Unknown command.
Okay, then.
You feel much better. The wyvern closely misses you. The basilisk gazes at you.
Your limbs have turned to stone.
The wyvern bites you! The basilisk gazes at you. You resist with some effort.
You have turned to stone.
The wyvern completely misses you. The wyvern bites you! The basilisk bites you!
The wyvern bites you! The basilisk gazes at you. You resist with some effort.
The wyvern bites you but does no damage.
The wyvern bites you! The basilisk bites you. The wyvern bites you!!
* * * LOW HITPOINT WARNING * * *
The basilisk bites you!
* * * LOW HITPOINT WARNING * * *
The wyvern bites you.
* * * LOW HITPOINT WARNING * * *
The wyvern bites you.
* * * LOW HITPOINT WARNING * * *
The basilisk bites you.
The wyvern bites you but does no damage.
The basilisk bites you!
* * * LOW HITPOINT WARNING * * *
The basilisk is no longer more vulnerable to fire.
The wyvern bites you!
You die...

..### ).. ### ## #### #.# ...###
.#.... # ## #.....##. ####.
........######## ###...#
..(......l...#.# ####..####
#....l@....###.....#
#..#.###.....†.[.###
####..############ ### #### #####
############ ..# #..####.##
#........... .## #...##...#
##........... .## ##....>#.##
###...<........
..######........###.....#######..
....................##...# ##..


You could see a basilisk and a wyvern.

Vanquished Creatures
  A komodo dragon (D:8)
  A wyvern (D:8)
  3 steam dragons
  2 water moccasins
  An orc warrior (D:7)
  An ice beast (D:7)
  3 black bears (D:5)
  3 centaurs
  An ogre (D:5)
  A kobold brigand (D:8)
  A necrophage (D:4)
  2 bullfrogs (D:6)
  A gnoll sergeant (D:8)
  A scorpion (D:4)
  10 wights
  A howler monkey (D:4)
  A gnoll shaman (D:3)
  A jelly (D:6)
  2 hounds (D:6)
  5 orc priests
  2 iguanas
  4 orc wizards
  Ijyb (D:3)
  12 gnolls
  7 adders
  2 shadow imps
  3 white imps
  An ufetubus (D:5)
  35 orcs
  2 ball pythons
  5 bats (D:1)
  6 endoplasms
  3 giant cockroaches
  8 goblins
  5 hobgoblins
  14 jackals
  4 quokkas (D:2)
  2 frilled lizards
  13 kobolds
  9 rats
180 creatures vanquished.

Vanquished Creatures (others)
  434 foxfires
  3 fungi (D:2)
  8 plants (D:2)
445 creatures vanquished.

Grand Total: 625 creatures vanquished

Notes
Turn   | Place    | Note
-------+----------+-------------------------------------------
     0 | D:1      | kae the Octopode Fire Elementalist began the quest for the
                  | Orb.
     0 | D:1      | Reached XP level 1. HP: 11/11 MP: 3/3
   169 | D:1      | Reached XP level 2. HP: 10/17 MP: 5/5
   737 | D:1      | You fall into a shaft and drop 1 floor!
   742 | D:2      | Reached XP level 3. HP: 22/22 MP: 4/6
   784 | D:2      | Found an ornate altar of the Wu Jian Council.
  1247 | D:2      | Learned a level 2 spell: Scorch
  1283 | D:2      | Found a faded altar of an unknown god.
  1299 | D:2      | Reached skill level 1 in Fighting
  1473 | D:2      | Reached XP level 4. HP: 25/28 MP: 5/7
  1678 | D:2      | Identified the +5 whip of Lecvellur {freeze, Drain rCorr
                  | Dex+4 Stlth+}
  2823 | D:3      | Reached XP level 5. HP: 33/33 MP: 2/8
  3246 | D:3      | Noticed Ijyb
  3259 | D:3      | Killed Ijyb
  3260 | D:3      | Reached skill level 4 in Fire Magic
  4117 | D:4      | Reached XP level 6. HP: 39/39 MP: 4/10
  5806 | D:4      | Noticed a water moccasin
  5815 | D:4      | Killed a water moccasin
  5816 | D:4      | Reached skill level 5 in Fire Magic
  5816 | D:4      | Reached XP level 7. HP: 43/45 MP: 4/11
  5946 | D:4      | Learned a level 3 spell: Conjure Flame
  6169 | D:5      | Entered Level 5 of the Dungeon
  6891 | D:5      | Reached skill level 5 in Stealth
  7140 | D:5      | Reached XP level 8. HP: 38/51 MP: 1/13
  8010 | D:6      | Reached skill level 6 in Fire Magic
  8797 | D:6      | Noticed a two-headed ogre
  9073 | D:6      | Reached XP level 9. HP: 58/58 MP: 10/15
  9692 | D:7      | Reached skill level 7 in Fire Magic
  9782 | D:7      | Noticed a +0 short sword
  9782 | D:7      | Noticed a +0 falchion
  9783 | D:7      | Noticed a +0 dagger
  9784 | D:7      | Noticed a +0 spear
  9784 | D:7      | Noticed a +0 short sword
  9784 | D:7      | Noticed a +0 dagger
  9785 | D:7      | Noticed a +0 falchion
  9786 | D:7      | Noticed a +0 spear
  9790 | D:7      | Found a hide-covered altar of Uskayaw.
  9828 | D:7      | Found a staircase to the Ecumenical Temple.
  9837 | Temple   | Entered the Ecumenical Temple
 10214 | Temple   | Became a worshipper of Ashenzari the Shackled
 10483 | D:7      | Reached skill level 5 in Dodging
 12773 | D:8      | Reached * piety under Ashenzari
 13049 | D:8      | Reached skill level 5 in Conjurations
 13229 | D:8      | Noticed a komodo dragon
 13242 | D:8      | Killed a komodo dragon
 13243 | D:8      | Reached skill level 5 in Spellcasting
 13243 | D:8      | Reached skill level 8 in Fire Magic
 13243 | D:8      | Reached XP level 10. HP: 65/65 MP: 8/17
 13321 | D:8      | Reached skill level 5 in Fighting
 13345 | D:8      | HP: 2/66 [basilisk (3)]
 13346 | D:8      | Slain by a wyvern

Illustrated notes

Levels and vault maps discovered:
D:1:      amcnicky_arrival_underground_garden, layout_loops_ring
D:2:      layout_basic, shapermc_ecumenical_altar_mp_ritualfount, basic_altar,
          kennysheep_doodads, minmay_tall_x
D:3:      minmay_general_purpose_star, layout_basic, uniq_ijyb
D:4:      layout_loops_ring
D:5:      kennysheep_six_static_rooms, layout_gridville, minmay_misc_feat_iff
D:6:      cheibrodos_two_vegetables, layout_gridville
D:7:      layout_basic, nicolae_uskayaw_en_pointe,
          minmay_temple_entry_large_hall, minivault_5, kennysheep_small_circle
D:8:      layout_layer_cave, erik_lair_dragon, serial_shops, kennysheep_mini
Temple:   mainiacjoe_temple_trianglar_array

Skill      XL: |  1  2  3  4  5  6  7  8  9 10 |
---------------+-------------------------------+-----
Stealth        | 3 4 5 6 7 |  7.9
Fighting       | 1 2 3 4 5 |  5.0
Fire Magic     | 4 5 6 8 |  8.2
Conjurations   | 2 3 4 5 |  5.2
Dodging        | 3 4 5 |  5.7
Spellcasting   | 3 4 5 |  5.1

Action                   |  1- 3 |  4- 6 |  7- 9 | 10-12 || total
-------------------------+-------+-------+-------+-------++-------
Melee: Unarmed           |    14 |       |       |       ||    14
       Constrict         |    12 |    13 |     5 |       ||    30
       Tentacles         |     9 |    10 |       |       ||    19
       Punch             |     1 |       |       |       ||     1
       Dagger            |    25 |     2 |       |       ||    27
       Whip              |       |    57 |    24 |       ||    81
 Cast: Foxfire           |    20 |    60 |   183 |     5 ||   268
       Scorch            |     1 |    23 |    64 |     3 ||    91
       Conjure Flame     |       |       |     8 |       ||     8
Invok: Curse Item        |       |       |     2 |       ||     2
  Use: Scroll            |       |     7 |    10 |       ||    17
       Potion            |       |     1 |     2 |     1 ||     4
 Stab: Sleeping          |     3 |    15 |     2 |       ||    20
Armor: Skin              |     6 |     2 |     2 |     3 ||    13
Dodge: Dodged            |    30 |    65 |    79 |     5 ||   179

Table legend: (Time is in decaauts)
 A = Elapsed time spent in this place.
 B = Non-inter-level travel time spent in this place.
 C = Inter-level travel time spent in this place.
 D = Time resting spent in this place.
 E = Time spent auto-exploring this place.
 F = Levels seen in this place.
 G = Mean time per level.
                   A        B        C        D        E       F      G
               +--------+--------+--------+--------+--------+-----+--------+
         Total |  13341 |  12923 |    418 |   1392 |   9824 |   9 | 1482.3 |
       Dungeon |  12944 |  12560 |    384 |   1392 |   9463 |   8 | 1618.0 |
        Temple |    396 |    362 |     34 |      0 |    361 |   1 |  396.0 |
               +--------+--------+--------+--------+--------+-----+--------+

Top non-repeatable levels by time:
     D:7: 2021 daAuts
     D:2: 1942 daAuts
     D:3: 1793 daAuts
     D:6: 1749 daAuts
     D:5: 1508 daAuts
     D:8: 1505 daAuts
     D:1: 1340 daAuts
     D:4: 1083 daAuts
  Temple: 396 daAuts
